 Dungeon Crawl Stone Soup version 0.28.0 (webtiles) character file.

Game seed: 4997449250736373636

53750 a3don the Geomancer (level 14, -1/118 HPs)
             Began as a Grey Draconian Earth Elementalist on Feb 11, 2022.
             Was an Initiate of Gozag.
             Slain by a large abomination (23 damage)
             ... on level 3 of the Abyss.
             The game lasted 01:28:26 (32061 turns).

a3don the Geomancer (DrEE)                         Turns: 32061, Time: 01:28:28

Health: -1/118     AC: 19    Str: 10    XL:     14   Next: 32%
Magic:  32/35      EV: 14    Int: 22    God:    Gozag
Gold:   4137       SH:  5    Dex: 11    Spells: 3/29 levels left

rFire   . . .      SeeInvis .   O - +2 scimitar (flame)
rCold   . . .      Faith    .   (no shield)
rNeg    . . .      Spirit   .   (armour unavailable)
rPois   .          Reflect  +   (helmet restricted)
rElec   .          Harm     .   r - +1 cloak
rCorr   .          Rampage  .   q - +2 pair of gloves {Stlth+}
Will    +....                   B - +0 pair of boots
Stlth   +++.......              A - amulet of reflection
HPRegen 0.00/turn               m - ring of wizardry
MPRegen 0.24/turn               E - ring of magical power

@: about to teleport, sick
A: AC +13, amphibious, unfitting armour, cold-blooded
a: Renounce Religion, Potion Petition, Call Merchant, Bribe Branch


You were on level 3 of the Abyss.
You worshipped Gozag.
Gozag was most pleased with you.
You visited 3 branches of the dungeon, and saw 17 of its levels.
You visited the Abyss 1 time.

You collected 5762 gold pieces.
You spent 1625 gold pieces at shops.

Inventory:

Hand Weapons
 a - a +0 whip
 t - a +2 rapier
 v - a +4 demon trident
 w - a +1 vampiric halberd
 y - a +3 spear
 z - a +2 quarterstaff of chaos
 F - a +2 whip of draining
 O - a +2 scimitar of flaming (weapon)
 X - the +2 hand axe of Gidghape {speed, Fly rElec rF+ Str-5}
   (You found it on level 4 of the Lair of Beasts)

   Attacks with this weapon are significantly faster.
   Str:       It affects your strength (-5).
   rF:        It protects you from fire.
   rElec:     It insulates you from electricity.
   Fly:       It grants you flight.
Missiles
 b - 148 stones
 c - 2 boomerangs (quivered)
 l - 2 boomerangs of dispersal
 D - 6 atropa-tipped darts
 J - 5 javelins
Armour
 q - a +2 pair of gloves of stealth (worn)
 r - a +1 cloak (worn)
 B - a +0 pair of boots (worn)
 L - a scarf of resistance
Magical Staves
 i - a staff of fire
Jewellery
 m - a ring of wizardry (left hand)
 o - a ring of positive energy
 A - an amulet of reflection (around neck)
 E - a ring of magical power (right hand)
 G - a ring of willpower
 P - an amulet of regeneration
 Q - an amulet of the acrobat
Wands
 d - a wand of paralysis (5)
 p - a wand of digging (3)
 C - a wand of mindburst (6)
 W - a wand of flame (13)
Scrolls
 g - 2 scrolls of blinking
 j - 3 scrolls of fear
 k - 6 scrolls of teleportation
 n - 2 scrolls of vulnerability
 K - 3 scrolls of fog
 T - a scroll of silence {unknown}
 U - a scroll of torment {unknown}
 V - a scroll of immolation {unknown}
 Y - a scroll of amnesia
Potions
 e - 4 potions of curing {unknown}
 f - 3 potions of might
 h - a potion of mutation {unknown}
 s - 2 potions of lignification {unknown}
 u - 2 potions of flight {unknown}
 x - 2 potions of heal wounds {unknown}
 I - 3 potions of degeneration {unknown}
 M - a potion of haste
 N - a potion of magic {unknown}
 S - a potion of attraction {unknown}
Miscellaneous
 H - a phial of floods


   Skills:
 + Level 9.6 Fighting
 - Level 5.0 Short Blades
 + Level 0.8(3.2) Long Blades
 + Level 8.2 Dodging
 - Level 4.0 Stealth
 + Level 8.2 Spellcasting
 + Level 7.0 Conjurations
 * Level 9.7 Transmutations
 - Level 5.6 Air Magic
 * Level 14.1 Earth Magic
 + Level 8.7 Poison Magic


You had 3 spell levels left.
You knew the following spells:

 Your Spells              Type           Power      Damage    Failure   Level
a - Sandblast             Erth           100%       2d20      0%          1
b - Sting                 Tmut/Pois      100%       1d8       1%          1
c - Poisonous Vapours     Pois/Air       80%        N/A       1%          2
d - Stone Arrow           Conj/Erth      100%       3d13      1%          3
e - Olgreb's Toxic Radia  Pois           47%        N/A       1%          4
f - Airstrike             Air            16%        N/A       2%          4
g - Statue Form           Tmut/Erth      38%        N/A       3%          6
h - Lee's Rapid Deconstr  Erth           31%        3d17*     1%          5

Your spell library contained the following spells:

 Spells                   Type           Power      Damage    Failure   Level
 Passwall                 Tmut/Erth      47%        N/A       1%          2
 Frozen Ramparts          Ice            18%        1d3       9%          3
 Leda's Liquefaction      Hex/Erth       20%        N/A       1%          4
 Petrify                  Tmut/Erth      57%        N/A       1%          4
 Ice Form                 Ice/Tmut       30%        N/A       4%          4
 Lightning Bolt           Conj/Air       18%        1d32      6%          5
 Summon Lightning Spire   Summ/Air       21%        N/A       9%          4
 Cause Fear               Hex            4%         N/A       28%         4
 Summon Ice Beast         Ice/Summ       9%         N/A       28%         4
 Dragon Form              Tmut           25%        N/A       41%         7
 Dragon's Call            Summ           4%         N/A       100%        9


Dungeon Overview and Level Annotations

Branches:
Dungeon (9/15)             Temple (0/1) D:4            Lair (6/6) D:8
  Swamp (0/4) Lair:2        Snake (0/4) Lair:3          Orc (2/2) D:9
    Elf (0/3) Orc:2
  Slime: Lair:5-6

Altars:
Gozag
Zin
Beogh

Shops:
D:2 =   D:3 *   D:9 ([   Orc:2 (

Annotations:
Lair:3 exclusion: oklob plant
Lair:6 Rupert


Innate Abilities, Weirdness & Mutations

Your dull iron-grey scales are very hard. (AC +13)
You are amphibious.
You cannot fit into any form of body armour.
You are cold-blooded and may be slowed by cold attacks.


Message History

The stone arrow hits the ancient zyme!
The ancient zyme is severely damaged.
The ancient zyme hits you but does no damage.
The ancient zyme closely misses you.
Casting: Stone Arrow (safe; 1% risk of failure)
Confirm with . or Enter, or press ? or * to list all spells.
Aiming: Stone Arrow (safe; 1% risk of failure)
Press: ? - help, Shift-Dir - straight line, f/p - ancient zyme
Aim: an ancient zyme (severely damaged, 89% to hit)
The stone arrow hits the ancient zyme!!
You destroy the ancient zyme!
That felt strangely unrewarding. 2 spatial vortices come into view.
A spatial vortex comes into view.
The large abomination hits you!!
An ancient zyme comes into view.
You feel ill.
The large abomination hits you but does no damage.
The large abomination misses you. As you open the door, it creaks loudly!
You hear a bark!
A spatial vortex comes into view.
The large abomination hits you but does no damage.
The large abomination hits you!!
There is an open door here.
A small abomination and a spatial vortex come into view.
A hell hound comes into view.
A spatial maelstrom comes into view.
A spatial vortex comes into view. x2
You feel ill.
A spatial vortex comes into view.
A spatial vortex comes into view.
The large abomination barely misses you.
A fire bat comes into view.
As you read the scroll of teleportation, it crumbles to dust.
You feel strangely unstable.
You feel the power of the Abyss delaying your translocation!
The large abomination hits you!
* * * LOW HITPOINT WARNING * * *
You feel ill. The large abomination hits you!!
You die...
Your body crumbles into a pile of gold.

......# ... ##.....#.#
...# #......#.. ....#
.......#.
##....#......... .#
......#........
...##.....+.b...#
#.....##...@....#
#......#.##Xh...##
##...#....#.......#
#.........x......... .#
##... ....x.#........
..#..v.................
#.# #..............#...
#.##.............#....
. #.....#
.#.##.........


You could see an ancient zyme, a large abomination, a hell hound, a small
abomination and a fire bat.

Vanquished Creatures
  A boulder beetle (Lair:4)
  9 hydras
  Erica (Lair:2)
  An ice dragon (Lair:5)
  6 death yaks
  Urug (Lair:2)
  Sonja (Lair:3)
  An orc high priest (Orc:2)
  A bog body (Lair:2)
  Pikel (D:6)
  3 orc knights (Orc:2)
  3 orc sorcerers (Orc:2)
  2 cyclopes (Orc:2)
  15 elephants (Lair:3)
  2 black mambas
  10 cane toads
  4 gargoyles (D:9)
  A torpor snail (Lair:3)
  A smoke demon (Abyss:3)
  4 rime drakes
  6 komodo dragons
  An ice devil (Lair:2)
  2 ancient zymes
  4 trolls
  5 polar bears
  A hornet (Lair:4)
  19 dream sheep
  15 blink frogs
  A shadow (Abyss:3)
  4 wyverns
  Sigmund (D:6)
  43 yaks
  2 basilisks
  2 steam dragons
  A warg (Orc:2)
  11 water moccasins
  16 orc warriors
  3 black bears
  An ice beast (D:6)
  2 sky beasts (D:6)
  11 wolves
  7 ogres
  5 centaurs
  A phantom (D:5)
  Blork the orc (D:3)
  5 kobold brigands
  16 bullfrogs
  A scorpion (D:6)
  A cane toad simulacrum (Lair:2)
  6 killer bees (D:8)
  A howler monkey (D:8)
  4 wights (D:9)
  2 electric eels
  Crazy Yiuf (D:6)
  10 orc priests
  4 gnoll shamans
  4 hounds
  5 hell rats (Lair:1)
  7 iguanas
  10 orc wizards
  3 troll simulacra (Lair:2)
  2 howler monkey zombies
  16 gnolls
  6 adders
  2 naga simulacra (Lair:2)
  A shadow imp (D:6)
  A worm (D:3)
  7 dart slugs
  40 orcs
  5 ball pythons
  7 endoplasms
  A giant cockroach (D:4)
  7 goblins
  6 hobgoblins
  4 quokkas
  5 bats
  10 frilled lizards
  21 kobolds
  3 rats
457 creatures vanquished.

Vanquished Creatures (others)
  8 bushes
  47 fungi
  100 plants
155 creatures vanquished.

Grand Total: 612 creatures vanquished

Notes
Turn   | Place    | Note
-------+----------+-------------------------------------------
     0 | D:1      | a3don the Draconian Earth Elementalist began the quest for
                  | the Orb.
     0 | D:1      | Reached XP level 1. HP: 14/14 MP: 3/3
   444 | D:1      | Reached XP level 2. HP: 19/22 MP: 5/5
   599 | D:1      | Found a faded altar of an unknown god.
   673 | D:1      | Prayed at the altar of an unknown god.
   673 | D:1      | Became a worshipper of Gozag Ym Sagoz the Greedy
  1212 | D:2      | Learned a level 1 spell: Sting
  1666 | D:2      | Reached XP level 3. HP: 27/27 MP: 6/6
  1743 | D:2      | Found Wampiob's Jewellery Boutique.
  2155 | D:2      | Reached skill level 1 in Fighting
  2680 | D:3      | Reached XP level 4. HP: 24/35 MP: 4/7
  3441 | D:3      | Found Sicix's General Store.
  3446 | D:3      | Bought a scroll of identify for 28 gold pieces
  3453 | D:3      | Reached skill level 1 in Poison Magic
  3462 | D:3      | Reached skill level 4 in Earth Magic
  3818 | D:3      | Learned a level 2 spell: Poisonous Vapours
  4036 | D:3      | Reached XP level 5. HP: 40/40 MP: 8/8
  4222 | D:4      | Noticed Blork the orc
  4258 | D:3      | Killed Blork the orc
  4727 | D:4      | Identified the +1 helmet of Cleverly Designed Joy {Will+}
  4821 | D:4      | Found a staircase to the Ecumenical Temple.
  4853 | D:4      | Reached XP level 6. HP: 37/48 MP: 1/10
  5003 | D:2      | Bought a ring of wizardry for 360 gold pieces
  5400 | D:4      | Learned a level 3 spell: Stone Arrow
  5775 | D:5      | Entered Level 5 of the Dungeon
  5840 | D:5      | Reached skill level 1 in Air Magic
  6315 | D:5      | Your scales start taking on a dull iron-grey colour.
  6315 | D:5      | Reached skill level 5 in Earth Magic
  6315 | D:5      | Reached XP level 7. HP: 55/56 MP: 5/11
  6746 | D:5      | Reached skill level 6 in Earth Magic
  6932 | D:6      | Noticed a yak
  6932 | D:6      | Noticed a yak
  6934 | D:6      | Noticed a yak
  6936 | D:6      | Noticed a yak
  6940 | D:6      | Noticed a yak
  6966 | D:6      | Killed a yak
  6979 | D:6      | Killed a yak
  6980 | D:6      | Reached skill level 1 in Short Blades
  7012 | D:6      | Killed a yak
  7013 | D:6      | Reached XP level 8. HP: 33/63 MP: 1/13
  7117 | D:6      | Reached skill level 7 in Earth Magic
  7781 | D:6      | Found Laicir's Elemental Accessories.
  7975 | D:6      | Found a runed translucent door.
  7976 | D:6      | Noticed Crazy Yiuf
  8365 | D:6      | Learned a level 4 spell: Olgreb's Toxic Radiance
  8406 | D:6      | Noticed Sigmund
  8448 | D:6      | Killed Sigmund
  8573 | D:2      | Bought an amulet of reflection for 360 gold pieces
  8775 | D:6      | Noticed Pikel
  8798 | D:6      | Killed Pikel
  8799 | D:6      | Reached skill level 8 in Earth Magic
  8799 | D:6      | Reached XP level 9. HP: 72/72 MP: 4/15
  9255 | D:6      | Killed Crazy Yiuf
  9834 | D:7      | Found a glowing silver altar of Zin.
 11508 | D:8      | Reached skill level 5 in Fighting
 11718 | D:8      | Reached skill level 9 in Earth Magic
 11782 | D:7      | Reached XP level 10. HP: 65/81 MP: 9/17
 11885 | D:7      | Reached skill level 5 in Transmutations
 12068 | D:8      | Reached skill level 5 in Dodging
 12068 | D:8      | Reached skill level 1 in Conjurations
 12094 | D:8      | Reached skill level 5 in Poison Magic
 12302 | D:8      | Found a staircase to the Lair.
 12348 | D:8      | Reached skill level 5 in Spellcasting
 14222 | D:2      | Bought a ring of magical power for 240 gold pieces
 14222 | D:2      | Bought a ring of willpower for 300 gold pieces
 14411 | Lair:1   | Entered Level 1 of the Lair of Beasts
 14456 | Lair:1   | Noticed a black mamba
 14467 | Lair:1   | Killed a black mamba
 15018 | Lair:1   | Noticed a cane toad
 15039 | Lair:1   | Killed a cane toad
 15368 | Lair:1   | Noticed a seven-headed hydra
 15373 | Lair:1   | Reached XP level 11. HP: 77/90 MP: 19/19
 15378 | Lair:1   | Killed a seven-headed hydra
 15379 | Lair:1   | Reached skill level 5 in Short Blades
 16054 | Lair:1   | Reached skill level 10 in Earth Magic
 16082 | Lair:1   | Learned a level 4 spell: Airstrike
 16088 | Lair:1   | Learned a level 5 spell: Lightning Bolt
 17024 | Lair:1   | Reached skill level 5 in Air Magic
 17975 | Lair:2   | Noticed Urug
 17986 | Lair:2   | Killed Urug
 18892 | Lair:2   | Noticed a six-headed hydra
 18905 | Lair:2   | Killed a six-headed hydra
 18906 | Lair:2   | Reached XP level 12. HP: 100/100 MP: 9/21
 19314 | Lair:2   | Reached skill level 11 in Earth Magic
 19632 | Lair:2   | Learned a level 6 spell: Statue Form
 19961 | Lair:2   | Noticed a seven-headed hydra
 19967 | Lair:2   | Killed a seven-headed hydra
 20264 | Lair:2   | Noticed a death yak
 20312 | Lair:2   | Killed a death yak
 20868 | Lair:2   | Found a staircase to the Swamp.
 20931 | Lair:2   | Noticed Erica
 20948 | Lair:2   | Killed Erica
 20949 | Lair:2   | Reached skill level 5 in Conjurations
 22071 | Lair:3   | Reached skill level 12 in Earth Magic
 22383 | Lair:3   | Noticed Sonja
 22387 | Lair:3   | Killed Sonja
 22424 | Lair:3   | Reached XP level 13. HP: 86/108 MP: 18/23
 23035 | Lair:3   | Learned a level 5 spell: Lee's Rapid Deconstruction
 23900 | Lair:3   | Found a staircase to the Snake Pit.
 24881 | Lair:4   | Identified the +2 hand axe of Gidghape {speed, Fly rElec
                  | rF+ Str-5}
 25362 | Lair:4   | Reached skill level 13 in Earth Magic
 26200 | Lair:5   | Found a frozen archway.
 27641 | Lair:6   | Entered Level 6 of the Lair of Beasts
 27663 | Lair:6   | Reached XP level 14. HP: 105/118 MP: 21/26
 27775 | Lair:6   | Noticed Rupert
 29250 | D:9      | Found Voly's Weapon Emporium.
 29266 | D:9      | Found a staircase to the Orcish Mines.
 29268 | D:9      | Found Faireydgh's Armour Emporium.
 29279 | D:9      | Bought a +2 pair of gloves of stealth for 279 gold pieces
 29279 | D:9      | Bought a +0 pair of boots for 58 gold pieces
 30001 | Orc:1    | Entered Level 1 of the Orcish Mines
 30374 | Orc:2    | Entered Level 2 of the Orcish Mines
 31162 | Orc:2    | Reached skill level 14 in Earth Magic
 31524 | Orc:2    | Found Jadif's Weapon Boutique.
 31679 | Orc:2    | Found a staircase to the Elven Halls.
 31766 | Orc:2    | Cast into level 1 of the Abyss (orc warrior)
 31774 | Abyss:1  | Noticed a red very ugly thing
 31781 | Abyss:1  | Noticed a starcursed mass
 31897 | Abyss:2  | Noticed an Executioner
 32061 | Abyss:3  | Slain by a large abomination

Illustrated notes

Levels and vault maps discovered:
D:1:      roderic_crop_circles_arrival_small, layout_basic,
          dreamdust_ecumenical_altar_grove
D:2:      layout_loops_corners, serial_shops, nicolae_shop_waterfront
D:3:      layout_loops_cross, serial_shops, shop
D:4:      layout_gridville, temple_statues, uniq_blork_the_orc
D:5:      layout_rooms, minmay_misc_feat_room, minmay_lizard_king
D:6:      layout_basic, nicolae_elemental_shop, uniq_crazy_yiuf_cottage,
          uniq_sigmund, uniq_pikel
D:7:      layout_cave_pods, mainiacjoe_overflow_chevrons, serial_park,
          serial_park_paths [serial_park_minivault_5x5_8], serial_park_tiny_1,
          serial_park_tiny_2, serial_park_fountain, serial_park_tiny_2,
          kennysheep_generic_room_11
D:8:      kennysheep_seaside_town, layout_rooms, minmay_lair_entry_grove
D:9:      cheibrodos_statue_roulette, layout_cave_pods, orc_david_3,
          hangedman_abyss_or_decor_passed, minmay_stone_trees_medium
Lair:1:   layout_cave_pods
Lair:2:   dreamdust_isle_of_ice, layout_gridlike, minmay_swamp_entry_reptiles,
          serial_bayou_pond_e, serial_bayou_crossing, uniq_erica, uniq_urug
Lair:3:   layout_misc_corridors, dummy_snake_entry,
          chequers_serial_rivers_micro_c, grunt_megastairs_3,
          serial_bayou_shore_a, uniq_sonja
Lair:4:   layout_regular_city
Lair:5:   layout_regular_city, portal_ice_cave_entry_animals_and_master
Lair:6:   hangedman_lair_in_review, layout_small_grid, guppyfry_lair_end_dragon,
          slime_altar_1, nicolae_quartered_pool_impasse, uniq_rupert
Orc:1:    layout_caves, basic_altar, roderic_batcave, uniq_gastronok
Orc:2:    grunt_orc_tribal_feast, layout_diamond_mine, serial_shops,
          nicolae_shop_hallway_plus, nooodl_orcs_dogs
Abyss:3:  base: Lair:5, evilmike_abyss_exit_chaos, minivault_11, minivault_11,
          evilmike_abyss_exit_5

Skill      XL: |  1  2  3  4  5  6  7  8  9 10 11 12 13 14 |
---------------+-------------------------------------------+-----
Dodging        | 2 3 4 5 6 7 8 |  8.2
Fighting       | 1 2 3 4 5 6 7 8 9 |  9.6
Poison Magic   | 1 2 3 4 5 6 7 8 |  8.7
Earth Magic    | 4 5 6 8 9 10 12 13 14 | 14.1
Transmutations | 2 3 4 5 7 9 |  9.7
Air Magic      | 1 2 3 4 5 |  5.6
Spellcasting   | 3 4 5 6 7 8 |  8.2
Short Blades   | 1 3 4 5 |  5.0
Conjurations   | 2 4 5 6 7 |  7.0
Stealth        | 2 4 |  4.0
Long Blades    | |  0.8

Action                   |  1- 3 |  4- 6 |  7- 9 | 10-12 | 13-15 || total
-------------------------+-------+-------+-------+-------+-------++-------
Melee: Whip              |    83 |    46 |     8 |       |       ||   137
       Tailslap          |    14 |     6 |    17 |    78 |    59 ||   174
       Punch             |     2 |       |     3 |     5 |     2 ||    12
       Unarmed           |     1 |       |       |       |       ||     1
       Rapier            |       |       |   132 |   295 |       ||   427
       Scimitar          |       |       |       |    74 |   308 ||   382
Throw: Boomerang         |     2 |     5 |     4 |     4 |     1 ||    16
 Cast: Sandblast         |     5 |    19 |    25 |    73 |    53 ||   175
       Sting             |    18 |    51 |     9 |     1 |       ||    79
       Poisonous Vapours |       |    26 |   134 |   129 |   126 ||   415
       Stone Arrow       |       |       |     4 |    23 |    33 ||    60
       Olgreb's Toxic Ra |       |       |       |    30 |    41 ||    71
       Airstrike         |       |       |       |    49 |    33 ||    82
       Statue Form       |       |       |       |     4 |     9 ||    13
       Lee's Rapid Decon |       |       |       |       |     4 ||     4
 Abil: End Transformatio |       |       |       |       |     1 ||     1
Evoke: Phial of floods   |       |       |       |     1 |       ||     1
       Wand              |       |       |       |       |     1 ||     1
  Use: Scroll            |       |     3 |     3 |     7 |     1 ||    14
       Potion            |       |       |       |     2 |       ||     2
 Stab: Sleeping          |     1 |     1 |     1 |       |     1 ||     4
       Distracted        |       |       |     1 |     4 |     2 ||     7
Armor: Skin              |    24 |    28 |    83 |   226 |   255 ||   616
Dodge: Dodged            |    54 |    44 |   128 |   343 |   270 ||   839
Block: Other             |       |       |    32 |   125 |   126 ||   283
       Reflection        |       |       |     7 |       |     5 ||    12
